 Dungeon Crawl Stone Soup version 0.21.1-1-g345015f (webtiles) character file.

56 inc the Vexing (level 3, -3/14 HPs)
             Began as a Felid Enchanter on Feb 21, 2018.
             Killed from afar by an orc wizard (10 damage)
             ... with a puff of flame
             ... on level 4 of the Dungeon.
             The game lasted 00:02:06 (1945 turns).

inc the Vexing (Felid Enchanter)                    Turns: 1945, Time: 00:02:07

Health: -3/14      AC:  1    Str:  4    XL:     3   Next: 69%
Magic:  2/7        EV: 18    Int: 17    God:
Gold:   84         SH:  0    Dex: 16    Spells: 0/6 levels left
                                        Lives:  0   Deaths: 0

rFire    . . .     SeeInvis +     - Unarmed
rCold    . . .     Gourm    .   (shield unavailable)
rNeg     . . .     Faith    .   (armour unavailable)
rPois    .         Spirit   .   (helmet unavailable)
rElec    .         Reflect  .   (cloak unavailable)
rCorr    .         Harm     .   (gloves unavailable)
MR       .....                  (boots unavailable)
Stlth    +++.......             (no amulet)
HPRegen  0.04/turn              (no ring)
MPRegen  0.10/turn              (no ring)

@: very slightly contaminated, quick
A: very small, no armour, no weapons or thrown items, stealth, claws 1, fangs 3,
see invisible, carnivore, speed 1, shaggy fur 1, slow metabolism 1, sharp paws
a: no special abilities


You were on level 4 of the Dungeon.
You were not hungry.

You visited 1 branch of the dungeon, and saw 3 of its levels.

You collected 84 gold pieces.

Inventory:

Scrolls
 e - 2 scrolls of identify {unknown}
 g - a scroll of teleportation {unknown}
Potions
 c - a potion of heal wounds {unknown}
 d - a potion of haste {unknown}
 f - a potion of flight {unknown}
Books
 a - a book of Maledictions

   Spells                             Type                      Level
   a - Corona                         Hexes                        1
   b - Ensorcelled Hibernation        Hexes/Ice                    2
   c - Confuse                        Hexes                        3
   d - Tukima's Dance                 Hexes                        3
   e - Dazzling Spray                 Conjuration/Hexes            3
Comestibles
 b - 4 rations


   Skills:
 - Level 2.8 Dodging
 - Level 4.1 Stealth
 + Level 3.2 Unarmed Combat
 - Level 2.1 Spellcasting
 - Level 4.6 Hexes


You couldn't memorise any spells.
You knew the following spells:

 Your Spells              Type           Power        Failure   Level  Hunger
a - Corona                Hex            ###....      2%          1    #......
b - Ensorcelled Hibernat  Hex/Ice        #.....       11%         2    ###....
c - Confuse               Hex            ###.....     9%          3    ###....


Dungeon Overview and Level Annotations

Branches:
Dungeon (2/15)

Altars:

Annotations:
D:4 Edmund


Innate Abilities, Weirdness & Mutations

You cannot wear armour.
You are incapable of wielding weapons or throwing items.
Your paws allow you to move quietly. (Stealth)
You have sharp claws.
You have razor-sharp teeth.
You have supernaturally acute eyesight. (SInv)
You are carnivorous and can eat meat at any time.
You cover ground quickly.
You are covered in fur. (AC +1)
You have a slow metabolism.
Your sharp claws are effective at attacking unaware monsters.


Message History

Aim: an orc wizard, wielding a dagger and wearing a robe (chance to defeat MR: 40%)
You miscast Ensorcelled Hibernation.
You are very lightly contaminated with residual magic.
You shiver with cold.
The orc wizard misses you.
Casting: Ensorcelled Hibernation
Confirm with . or Enter, or press ? or * to list all spells.
Aiming: Ensorcelled Hibernation
Press: ? - help, Shift-Dir - straight line, f/p - orc wizard
Aim: an orc wizard, wielding a dagger and wearing a robe (chance to defeat MR: 40%)
The orc wizard resists with some effort.
The orc wizard casts a spell at you. The magic dart hits you!
Ouch! That really hurt!
The orc wizard casts a spell.
The orc wizard flickers and vanishes for a moment.
There is a stone staircase leading down here.
The orc wizard points at you and mumbles some strange words.
The puff of flame hits you!
Ouch! That really hurt!
You die...

#.#......
#.#...≈..
####.#..≈.§.
#######....'.≈.§.≈
#..........#..≈.≈.
#.#####....#..)≈..
#.# #.####......
#.#####.#######'##
#@...oooo.........
#.#####.########..
#.# #...# ..
#######.###.### oo
#...........# #.
#.########### . .


You could see an orc wizard (invisible) and 3 orcs.

Vanquished Creatures
  An orc wizard (D:4)
  3 dart slugs
  A leopard gecko (D:1)
  A ball python (D:1)
  3 bats
  3 goblins (D:1)
  2 hobgoblins (D:1)
  3 kobolds (D:1)
  A rat (D:1)
18 creatures vanquished.

Notes
Turn   | Place    | Note
-------+----------+-------------------------------------------
     0 | D:1      | inc the Felid Enchanter began the quest for the Orb.
     0 | D:1      | Reached XP level 1. HP: 7/7 MP: 4/4
   313 | D:1      | Reached XP level 2. HP: 11/11 MP: 6/6
  1702 | D:2      | You fall through a shaft for 2 floors!
  1749 | D:4      | Reached XP level 3. HP: 8/14 MP: 7/7
  1755 | D:4      | Learned a level 2 spell: Ensorcelled Hibernation
  1759 | D:4      | Learned a level 3 spell: Confuse
  1907 | D:4      | Noticed Edmund
  1945 | D:4      | Killed from afar by an orc wizard

Skill      XL: |  1  2 |
---------------+-------+-----
Unarmed Combat | 3 |  3.2
Dodging        | |  2.8
Stealth        | |  4.1
Spellcasting   | |  2.1
Hexes          | |  4.6

Action                   || total
-------------------------++-------
Melee: Unarmed           ||    73
       Bite              ||     4
 Cast: Ensorcelled Hiber ||     2
 Stab: Sleeping          ||     6
  Eat: Chunk             ||     5
Armor: Skin              ||     2
Dodge: Dodged            ||    37
